Map: Data-C

Players

Nice - Winner!

  • Race: Protoss Protoss
  • League: Diamond
  • Spawn Location: 3:00

RiSkyZ (RiSky)

  • Race: Zerg Zerg
  • Spawn Location: 9:00

Event: HomeStory Cup XXII

VOD

Have the link to the VOD?

Description

Time

  • Played on: Dec. 15, 2022, 7:16 a.m.
  • Length: 20:42

All games in this series

Show
View Real Time Build Order
Export as new Build Order

Nice Protoss - Winner!

Build Orders: 1 Gate Expand, Oracle Opening 

Get SALT Encoding   

  12  0:00  Probe  
  13  0:12  Probe  
  14  0:19  Pylon  
  14  0:24  Probe  
  15  0:34  Assimilator  
  15  0:37  Probe (Chrono Boost)  
  16  0:45  Gateway  
  16  0:49  Probe (Chrono Boost)  
  17  0:56  Probe (Chrono Boost)  
  18  1:03  Probe  
  19  1:16  Probe  
  20  1:24  Nexus  
  20  1:33  Cybernetics Core  
  20  1:41  Probe, Assimilator  
  21  1:53  Probe, Pylon  
  22  2:04  Probe  
  23  2:08  Stalker (Chrono Boost)  
  23  2:12  Probe  
  23  2:13  Warp Gate  
  25  2:20  Probe  
  26  2:25  Stargate  
  27  2:33  Probe (Chrono Boost)  
  27  2:34  Stalker  
  30  2:40  Probe (Chrono Boost)  
  31  2:49  Probe (Chrono Boost)  
  31  2:50  Probe (Chrono Boost)  
  33  2:55  Probe (Chrono Boost)  
  33  2:56  Probe  
  33  2:58  Gateway  
  35  3:06  Oracle (Chrono Boost)  
  35  3:07  Probe  
  35  3:08  Probe  
  40  3:18  Pylon  
  40  3:19  Probe  
  41  3:20  Probe  
  42  3:31  Probe  
  42  3:32  Probe  
  42  3:34  Oracle (Chrono Boost)  
  44  3:39  Pylon  
  47  3:43  Probe  
  48  3:51  Nexus  
  48  3:53  Probe  
  48  4:04  Oracle (Chrono Boost)  
  48  4:05  Probe x2  
  53  4:10  Gateway  
  53  4:17  Probe  
  53  4:19  Probe  
  53  4:22  Assimilator  
  53  4:23  Stalker  
  57  4:26  Assimilator  
  57  4:29  Shield Battery, Probe  
  58  4:35  Stalker  
  58  4:40  Shield Battery x2  
  58  4:42  Pylon  
  58  4:44  Oracle (Chrono Boost)  
  61  4:46  Probe (Chrono Boost)  
  61  4:50  Probe (Chrono Boost)  
  61  4:57  Forge  
  61  4:58  Twilight Council  
  62  5:02  Probe (Chrono Boost)  
  62  5:04  Probe (Chrono Boost)  
  64  5:07  Probe (Chrono Boost)  
  64  5:08  Probe (Chrono Boost), Stalker  
  64  5:10  Probe (Chrono Boost)  
  68  5:15  Protoss Ground Weapons Level 1  
  68  5:17  Probe  
  68  5:18  Forge, Probe  
  70  5:22  Probe  
  70  5:27  Stalker x2  
  75  5:29  Probe, Blink (Chrono Boost)  
  75  5:30  Probe  
  75  5:34  Probe  
  78  5:41  Probe  
  78  5:42  Pylon  
  79  5:51  Probe x2  
  79  5:53  Probe, Stalker x2  
  79  5:56  Protoss Ground Armor Level 1 (Chrono Boost)  
  85  6:03  Probe x2  
  87  6:05  Probe  
  87  6:06  Pylon  
  87  6:10  Pylon  
  88  6:14  Nexus  
  88  6:15  Probe  
  89  6:24  Probe x2  
  91  6:25  Shield Battery  
  91  6:27  Stalker x2  
  91  6:28  Stalker  
  91  6:30  Probe  
  98  6:35  Pylon  
  98  6:36  Probe x2  
  98  6:38  Pylon  
  100  6:40  Pylon  
  100  6:42  Probe  
  100  6:45  Gateway  
  101  6:48  Probe  
  101  6:51  Probe  
  101  6:52  Stalker x3  
  109  6:54  Probe  
  109  6:58  Gateway  
  109  7:00  Gateway  
  110  7:03  Assimilator  
  110  7:05  Gateway, Assimilator  
  110  7:08  Gateway  
  110  7:15  Photon Cannon  
  110  7:16  Probe  
  110  7:17  Probe x2, Pylon  
  113  7:26  Protoss Ground Weapons Level 2 (Chrono Boost)  
  113  7:27  Probe  
  113  7:28  Probe  
  113  7:29  Probe x2  
  117  7:30  Stalker x2  
  117  7:31  Stalker  
  117  7:36  Charge  
  123  7:39  Probe, Pylon  
  123  7:42  Probe x2  
  123  7:43  Pylon  
  126  7:44  Shield Battery  
  126  7:49  Probe  
  121  7:53  Stalker x4  
  121  7:54  Stalker  
  131  8:01  Pylon  
  131  8:03  Protoss Ground Armor Level 2 (Chrono Boost)  
  131  8:09  Probe x4  
  131  8:12  Nexus  
  135  8:15  Stalker x3  
  138  8:34  Nexus  
  138  8:35  Probe, Pylon  
  138  8:36  Probe x3, Pylon  
  142  8:45  Stalker x5  
  142  8:46  Stalker x3  
  142  8:47  Probe  
  142  8:48  Probe x2  
  161  8:50  Pylon  
  161  8:55  Robotics Facility, Gateway  
  161  8:57  Gateway  
  156  9:12  Stalker  
  156  9:13  Stalker x5  
  156  9:14  Stalker x2  
  172  9:24  Gateway  
  172  9:25  Gateway  
  172  9:26  Gateway  
  172  9:27  Probe x2  
  172  9:30  Shield Battery  
  174  9:31  Photon Cannon  
  174  9:35  Templar Archives  
  174  9:36  Zealot x7  
  174  9:37  Zealot  
  190  9:47  Probe  
  190  9:48  Probe x2  
  190  9:49  Probe  
  190  9:50  Assimilator  
  194  9:54  Assimilator  
  186  10:05  Pylon  
  186  10:06  Protoss Ground Weapons Level 3 (Chrono Boost)  
  178  10:07  Stalker x6  
  178  10:08  Stalker x2  
  192  10:17  Probe x2, Pylon  
  192  10:18  Protoss Ground Armor Level 3 (Chrono Boost), Pylon  
  184  10:23  Pylon x2  
  184  10:25  Zealot x5  
  188  10:29  Assimilator x2  
  188  10:30  Zealot x3  
  194  10:37  Sentry  
  196  10:43  Nexus  
  196  10:45  Pylon  
  196  10:46  Photon Cannon  
  196  10:48  Shield Battery  
  196  10:51  Observer (Chrono Boost)  
  196  10:53  Robotics Bay  
  193  10:57  Zealot x3  
  193  11:02  Photon Cannon, Pylon  
  199  11:05  Photon Cannon x2  
  199  11:07  Shield Battery  
  199  11:17  Photon Cannon  
  196  11:20  Photon Cannon  
  196  11:22  Photon Cannon  
  196  11:24  Shield Battery  
  194  11:29  Zealot x4  
  200  11:38  Stalker x2  
  200  11:39  Psionic Storm  
  177  11:57  Zealot x10  
  183  12:13  Disruptor (Chrono Boost), Gravitic Boosters (Chrono Boost), High Templar  
  183  12:14  High Templar x2  
  187  12:18  High Templar x3  
  187  12:19  High Templar x5  
  187  12:20  Archon  
  187  12:22  Archon x2  
  200  12:23  Archon x2  
  178  12:37  Protoss Shields Level 1 (Chrono Boost)  
  178  12:38  High Templar  
  178  12:41  Disruptor (Chrono Boost)  
  183  12:49  Zealot x4  
  189  12:52  Zealot x4  
  189  12:53  Zealot  
  199  13:02  Probe  
  194  13:15  Probe x5  
  181  13:21  High Templar x7  
  181  13:22  High Templar x2  
  181  13:23  Zealot  
  181  13:26  Archon  
  181  13:27  Archon x2, Probe  
  194  13:31  Photon Cannon x2  
  194  13:34  Photon Cannon  
  194  13:35  Disruptor (Chrono Boost)  
  194  13:36  Photon Cannon  
  194  13:40  Pylon  
  197  13:45  Assimilator  
  197  13:48  Pylon  
  197  13:50  Assimilator  
  197  13:53  Zealot  
  199  13:58  Pylon  
  196  14:06  Zealot x3  
  170  14:20  Zealot x8  
  170  14:21  Zealot  
  170  14:23  Disruptor  
  174  14:36  Gateway  
  174  14:38  Gateway  
  174  14:40  Protoss Shields Level 2 (Chrono Boost), Gateway  
  174  14:42  Gateway  
  174  14:43  Robotics Facility x2  
  174  14:44  Gateway  
  174  14:46  Zealot x13, Gateway  
  174  14:49  Extended Thermal Lance (Chrono Boost)  
  188  15:13  Zealot x12  
  188  15:14  Zealot  
  190  15:17  Colossus (Chrono Boost)  
  190  15:20  Robotics Facility  
  196  15:32  Photon Cannon  
  196  15:35  Photon Cannon  
  196  15:36  Photon Cannon x2  
  196  15:37  Shield Battery x2  
  182  15:50  High Templar x6  
  182  15:51  High Templar x5  
  182  16:06  Nexus  
  182  16:07  Pylon  
  182  16:10  Pylon  
  160  16:11  Disruptor x4 (Chrono Boost)  
  160  16:14  Assimilator  
  160  16:18  Assimilator  
  162  16:21  Zealot x7  
  162  16:24  Zealot x10  
  162  16:25  Zealot  
  194  16:41  Zealot x3  
  190  16:50  Archon x2  
  190  16:51  Disruptor (Chrono Boost)  
  190  16:52  Disruptor (Chrono Boost)  
  146  16:55  Zealot x3  
  146  16:59  Zealot x7  
  146  17:00  Zealot x5  
  172  17:08  Disruptor (Chrono Boost)  
  172  17:14  Protoss Shields Level 3 (Chrono Boost), Immortal (Chrono Boost)  
  174  17:22  High Templar x4, Fleet Beacon  
  184  17:23  High Templar x5  
  184  17:24  Immortal (Chrono Boost)  
  184  17:28  Archon x2  
  196  17:37  Nexus  
  196  17:38  Pylon  
  196  17:41  Assimilator  
  192  17:45  Nexus, Assimilator  
  192  17:50  Immortal x3  
  200  17:51  Nexus  
  200  17:52  Pylon  
  200  17:55  Unknown  
  200  17:58  Pylon  
  194  17:59  High Templar  
  194  18:00  High Templar x3  
  194  18:02  Assimilator  
  194  18:04  Archon, Assimilator  
  199  18:06  Archon  
  185  18:21  Zealot x5  
  185  18:22  Zealot x2  
  186  18:34  Immortal (Chrono Boost)  
  186  18:35  Immortal x2 (Chrono Boost)  
  186  18:38  Nexus  
  186  18:40  Archon, Pylon  
  186  18:41  High Templar  
  199  18:43  Pylon  
  199  18:45  Immortal (Chrono Boost)  
  199  18:50  Stargate  
  199  18:51  Stargate  
  199  18:53  Stargate  
  193  19:11  Zealot  
  193  19:13  Probe  
  196  19:22  Zealot  
  194  19:36  Cybernetics Core  
  194  19:37  Observer  
  188  19:41  Nexus  
  188  19:42  Pylon x3  
  186  19:46  Assimilator  
  180  20:01  Observer  
  199  20:16  Photon Cannon  
Show
View Real Time Build Order
Export as new Build Order

RiSkyZ Zerg 

Build Orders: Hatch First 

Get SALT Encoding   

  12  0:00  Drone  
  13  0:12  Overlord  
  13  0:17  Drone  
  14  0:30  Drone x2  
  16  0:49  Hatchery  
  15  0:51  Drone  
  15  0:55  Drone  
  17  0:58  Drone  
  18  1:09  Extractor  
  17  1:13  Spawning Pool  
  17  1:17  Drone  
  17  1:20  Drone  
  18  1:27  Drone  
  19  1:38  Drone  
  20  1:48  Overlord  
  20  2:01  Queen x2  
  20  2:02  Zergling x4  
  26  2:11  Drone  
  26  2:12  Drone  
  26  2:13  Metabolic Boost  
  28  2:23  Drone x2  
  30  2:32  Drone  
  31  2:40  Hatchery  
  31  2:42  Drone  
  31  2:45  Queen  
  33  2:52  Overlord  
  33  2:54  Drone  
  33  2:55  Drone  
  33  2:56  Drone  
  36  3:13  Drone  
  36  3:14  Drone x3  
  36  3:18  Overlord  
  40  3:20  Drone x2  
  40  3:26  Roach Warren  
  41  3:32  Zergling x2  
  41  3:33  Zergling x2  
  42  3:38  Queen  
  42  3:40  Zergling x2  
  45  3:43  Zergling x2  
  45  3:44  Overlord  
  45  3:48  Zergling x4  
  48  3:50  Zergling x2  
  48  3:53  Zergling x2  
  48  3:54  Zergling x6  
  53  3:57  Zergling x2  
  53  4:03  Zergling x2  
  54  4:16  Drone x5  
  57  4:22  Drone  
  58  4:27  Drone  
  58  4:29  Drone  
  58  4:31  Queen x3  
  58  4:32  Spore Crawler  
  58  4:38  Drone  
  60  4:40  Drone x2  
  61  4:46  Spore Crawler, Drone  
  61  4:48  Drone x4  
  61  4:52  Evolution Chamber  
  63  4:54  Drone x2  
  65  5:01  Overlord x2  
  65  5:03  Overlord  
  65  5:11  Lair  
  65  5:13  Overlord  
  65  5:27  Drone x2  
  65  5:29  Drone x2, Zerg Melee Weapons Level 1  
  65  5:30  Drone x5  
  65  5:32  Drone  
  65  5:33  Drone x2  
  65  5:34  Queen  
  77  5:35  Extractor  
  77  5:41  Spore Crawler  
  75  5:44  Drone x2  
  75  5:45  Drone x4  
  75  5:48  Overlord  
  81  5:50  Drone  
  81  5:55  Drone x4  
  86  6:00  Hatchery  
  86  6:02  Drone  
  86  6:06  Drone x2  
  86  6:08  Extractor x2  
  86  6:09  Glial Reconstitution  
  86  6:12  Zergling x4  
  86  6:15  Zergling x2  
  89  6:19  Overlord  
  89  6:21  Overlord  
  89  6:24  Overlord  
  89  6:34  Zergling x2, Hatchery  
  89  6:35  Overlord x3  
  89  6:37  Hatchery  
  89  6:38  Queen  
  86  6:50  Drone x9  
  92  6:55  Drone x2  
  92  6:56  Drone  
  92  6:58  Drone x2  
  97  7:02  Zergling x4  
  97  7:08  Zergling x4, Queen  
  101  7:14  Zergling x4  
  105  7:20  Zergling x2  
  106  7:25  Zergling x12  
  106  7:27  Zerg Melee Weapons Level 2  
  111  7:32  Drone  
  111  7:33  Drone  
  113  7:39  Drone  
  113  7:42  Drone  
  115  7:53  Drone x11  
  115  7:54  Drone x2  
  127  7:59  Roach x2  
  127  8:01  Roach  
  133  8:06  Roach  
  133  8:07  Baneling Nest, Hatchery  
  133  8:09  Roach x2  
  133  8:12  Pneumatized Carapace  
  137  8:14  Roach  
  137  8:15  Roach  
  140  8:20  Roach x2  
  140  8:23  Roach  
  140  8:24  Hydralisk Den  
  140  8:28  Overlord  
  140  8:29  Overlord  
  140  8:30  Zergling x10  
  140  8:32  Overlord x3  
  143  8:39  Overlord x2  
  143  8:44  Hatchery  
  143  8:45  Zergling x6  
  142  8:49  Zergling x10  
  142  8:50  Centrifugal Hooks  
  142  8:53  Spore Crawler, Zergling x6  
  142  8:54  Zergling x2  
  148  9:04  Zergling x12  
  149  9:10  Zergling x4  
  149  9:14  Muscular Augments  
  150  9:17  Extractor  
  150  9:18  Hydralisk x8, Extractor  
  158  9:24  Hydralisk x5  
  158  9:30  Hydralisk x2  
  171  9:33  Hydralisk x2  
  175  9:39  Hydralisk  
  175  9:43  Hydralisk x2  
  181  9:46  Hydralisk x2, Zerg Missile Weapons Level 1  
  181  9:47  Hydralisk  
  181  9:48  Spore Crawler  
  181  9:49  Spore Crawler  
  181  9:50  Zergling x6  
  188  9:56  Zergling x2  
  188  9:57  Zergling x10  
  182  10:06  Zergling x2  
  182  10:07  Zergling x6  
  170  10:17  Zergling x16  
  178  10:23  Zergling x2  
  178  10:24  Zergling x4  
  178  10:25  Grooved Spines  
  180  10:28  Hydralisk  
  180  10:29  Hydralisk x2  
  180  10:30  Infestation Pit  
  180  10:31  Zergling x6  
  180  10:34  Zergling x2  
  188  10:36  Zergling x2  
  184  10:43  Zergling x6  
  184  10:44  Zergling x2  
  184  10:45  Baneling x12  
  184  10:49  Zergling x12  
  193  10:52  Queen  
  192  10:59  Zergling x14  
  199  11:15  Zergling x10  
  199  11:16  Zergling x2  
  189  11:22  Zergling x24  
  194  11:29  Zergling x2  
  194  11:30  Zergling x6  
  195  11:34  Zergling x8  
  179  11:41  Zergling x6  
  179  11:42  Hive, Zerg Missile Weapons Level 2  
  164  11:55  Zergling x2  
  164  11:56  Zergling x14  
  164  11:57  Hydralisk  
  166  12:04  Hydralisk x2  
  166  12:07  Hydralisk x5  
  179  12:13  Lurker Den  
  179  12:14  Hydralisk x5  
  187  12:17  Hydralisk x2  
  187  12:18  Hydralisk  
  187  12:20  Overlord  
  189  12:24  Baneling x15  
  189  12:25  Baneling x12  
  187  12:34  Zergling x16, Hatchery  
  180  12:38  Zergling x2  
  180  12:39  Zergling x10  
  185  12:46  Hydralisk x6  
  185  12:48  Hatchery  
  188  12:55  Zergling x6  
  188  12:56  Extractor  
  190  13:00  Zergling x4  
  190  13:01  Zergling x2  
  193  13:09  Zergling x10  
  184  13:15  Zergling x12  
  180  13:23  Seismic Spines  
  180  13:24  Zergling x10  
  182  13:30  Zergling x4  
  182  13:32  Extractor  
  183  13:36  Extractor  
  183  13:38  Zergling x6  
  183  13:40  Overlord x5  
  185  13:46  Zergling x8  
  189  13:49  Viper x2  
  189  13:53  Viper  
  198  13:58  Baneling x16  
  195  14:07  Zergling x22  
  168  14:18  Zergling x2  
  168  14:19  Zergling x16  
  168  14:20  Adaptive Talons  
  173  14:28  Zergling x12  
  173  14:31  Zergling x4  
  176  14:35  Drone x2  
  176  14:37  Drone x2  
  165  15:09  Hatchery  
  155  15:17  Hatchery  
  154  15:27  Lurker x17  
  171  15:29  Zergling x10  
  171  15:35  Zergling x8  
  177  15:39  Zergling x14  
  168  15:52  Zergling x14  
  137  16:16  Lurker x7  
  141  16:30  Hydralisk x5  
  151  16:35  Lurker  
  151  16:38  Zergling x6  
  155  16:42  Zergling x4  
  142  16:47  Hydralisk x2  
  142  16:50  Hydralisk  
  142  16:54  Zergling x4  
  130  16:59  Hydralisk x2  
  128  17:12  Hydralisk x3  
  134  17:18  Hydralisk x2  
  134  17:22  Hydralisk  
  134  17:30  Hydralisk x2  
  132  17:40  Lurker x3  
  132  17:41  Lurker  
  133  17:47  Zergling x2  
  133  17:48  Zergling x10  
  133  17:49  Lurker  
  138  17:52  Zergling x4  
  138  17:59  Zergling x8  
  138  18:02  Zergling x4  
  142  18:06  Zergling x4  
  143  18:21  Hydralisk  
  143  18:22  Hydralisk x3  
  151  18:33  Hydralisk x3  
  128  18:38  Lurker  
  116  18:49  Hydralisk x4  
  116  18:55  Hydralisk  
  122  19:01  Zergling x8  
  114  19:07  Hydralisk  
  116  19:12  Zergling x6  
  119  19:18  Zergling x6  
  119  19:22  Lurker  
  115  19:24  Zergling x2  
  115  19:25  Zergling x4  
  114  19:32  Zergling x6  
  114  19:37  Lurker  
  115  19:40  Zergling x4  
  109  20:06  Hydralisk x3  
  115  20:11  Zergling x6  
  118  20:18  Lurker  
  119  20:22  Zergling x4  
Tags
 
Add a new tag
Caveats
  • Supply blocks, unpowered buildings, or Contaminate may cause inaccurate times.
  • Supply counts are checked every 10 seconds.